 Dungeon Crawl Stone Soup version 0.17.0-23-g0de4337 (webtiles) character file.

60 tp1 the Conjurer (level 3, 0/19 HPs)
             Began as a Deep Elf Conjurer on Nov 13, 2015.
             Was a Follower of Makhleb.
             Slain by Sigmund
             ... wielding a +5 scythe of venom
              (2 damage)
             ... on level 2 of the Dungeon.
             The game lasted 00:09:01 (2075 turns).

tp1 the Conjurer (Deep Elf Conjurer)                Turns: 2075, Time: 00:09:01

Health: 0/19       AC:  2    Str:  5    XL:     3   Next: 80%
Magic:  5/9        EV: 13    Int: 20    God:    Makhleb [*.....]
Gold:   76         SH:  0    Dex: 15    Spells: 2 memorised, 5 levels left

rFire  . . .     SeeInvis .     p - +0 short sword (speed)
rCold  . . .     Clarity  .     q - +0 robe (curse)
rNeg   . . .     SustAt   .     (no shield)
rPois  .         Gourm    .     (no helmet)
rElec  .         Spirit   .     (no cloak)
rCorr  .         Warding  .     (no gloves)
rMut   .         Stasis   .     (no boots)
MR     .....                    (no amulet)
Stlth  ++........               (no ring)
                                (no ring)

@: lethally poisoned (0 -> -18), hasted, very quick, not resistant to hostile
enchantments, unstealthy
A: no striking features
a: Renounce Religion


You were on level 2 of the Dungeon.
You worshipped Makhleb.
Makhleb was aware of your devotion.
You were not hungry.

You visited 1 branch of the dungeon, and saw 2 of its levels.

You collected 76 gold pieces.

Inventory:

Hand Weapons
 e - a +0 short sword
 p - a +0 short sword of speed (weapon)
Armour
 a - a +0 robe
 q - a cursed +0 robe (worn)
Scrolls
 d - 2 scrolls of magic mapping {unknown}
 f - a scroll of teleportation {unknown}
 g - 3 scrolls of identify {unknown}
 n - 2 scrolls of enchant armour {unknown}
 o - a scroll of random uselessness {unknown}
 s - a scroll of amnesia {unknown}
Potions
 j - a potion of brilliance {unknown}
 k - 4 potions of cancellation {unknown}
 l - 3 potions of degeneration {unknown}
 m - a potion of magic {unknown}
Books
 b - a book of Conjurations

   Spells                             Type                      Level
   a - Magic Dart                     Conjuration                  1
   b - Searing Ray                    Conjuration                  2
   c - Dazzling Spray                 Conjuration/Hexes            3
   d - Fulminant Prism                Conjuration/Hexes            4
   e - Iskenderun's Mystic Blast      Conjuration                  4
   f - Iskenderun's Battlesphere      Conjuration/Charms           5
Comestibles
 c - 3 bread rations
 h - a meat ration
 r - a chunk of flesh


   Skills:
 - Level 2.4 Dodging
 - Level 2.4 Stealth
 + Level 3.0 Spellcasting
 - Level 6.0 Conjurations


You had 5 spell levels left.
You knew the following spells:

 Your Spells              Type           Power        Failure   Level  Hunger
a - Magic Dart            Conj           ####         1%          1    None
b - Searing Ray           Conj           ####..       1%          2    ##.....


Dungeon Overview and Level Annotations

Branches:
Dungeon (2/15)

Altars:
Makhleb

Annotations:
D:2 Sigmund


Message History

The searing ray hits Sigmund.
Sigmund is lightly wounded.
The searing ray hits Sigmund.
Sigmund is moderately wounded.
The searing ray hits Sigmund.
Sigmund is heavily wounded.
Sigmund hits you from afar with a scythe of venom!
Ouch! That really hurt!
* * * LOW HITPOINT WARNING * * *
You are lethally poisoned!
Drink which item? (? for menu, Esc to quit)
You don't have any such object.
Drink which item? (? for menu, Esc to quit)
You can't drink that!
Drink which item? (? for menu, Esc to quit)
It was a potion of haste.
You feel yourself speed up.
* * * LOW HITPOINT WARNING * * *
You feel sick.
Sigmund hits you from afar with a scythe of venom.
You die...

# ### .##
..###.#######
#####)#.........
#(.@.@...#
#.######.# #
#..@.).@.
########. ####
≈≈≈# ≈#≈# ≈#≈##
≈#≈.#


You could see Sigmund.

Vanquished Creatures
  An adder (D:2)
  2 oozes
  A giant gecko (D:2)
  6 bats
  3 giant cockroaches (D:1)
  3 goblins
  6 hobgoblins
  3 jackals (D:1)
  2 ball pythons (D:1)
  3 giant newts
  6 kobolds
  5 rats
41 creatures vanquished.

Notes
Turn   | Place    | Note
--------------------------------------------------------------
     0 | D:1      | tp1 the Deep Elf Conjurer began the quest for the Orb.
     0 | D:1      | Reached XP level 1. HP: 10/10 MP: 6/6
   319 | D:1      | Reached XP level 2. HP: 12/15 MP: 5/8
   323 | D:1      | Learned a level 2 spell: Searing Ray
   500 | D:1      | Reached skill level 5 in Conjurations
  1416 | D:1      | Reached XP level 3. HP: 19/19 MP: 7/9
  2024 | D:2      | Found a faded altar to an unknown god.
  2028 | D:2      | Reached skill level 6 in Conjurations
  2031 | D:2      | Became a worshipper of Makhleb the Destroyer
  2031 | D:2      | Reached * piety under Makhleb
  2046 | D:2      | Noticed Sigmund
  2075 | D:2      | Slain by Sigmund

Action                   || total
-------------------------++-------
Melee: Short sword       ||     5
 Cast: Magic Dart        ||    70
       Searing Ray       ||     2
  Use: Potion            ||     1
  Eat: Chunk             ||     3
